 Dungeon Crawl Stone Soup version 0.18.1-48-g4cf74bf (console) character file.

6496 Kloppie the Spear-Bearer (level 11, -8/92 HPs)
             Began as a Merfolk Berserker on July 13, 2016.
             Was a High Priest of Trog.
             Splashed by a brown ugly thing's acid (10 damage)
             ... on level 10 of the Dungeon.
             The game lasted 00:18:16 (11084 turns).

Kloppie the Spear-Bearer (Merfolk Berserker)       Turns: 11084, Time: 00:18:16

Health: -8/92      AC: -6    Str: 17    XL:     11   Next: 0%
Magic:  11/11      EV: 18    Int:  6    God:    Trog [*****.]
Gold:   707        SH:  0    Dex: 18    Spells: 0 memorised, 10 levels left

rFire  + . .     SeeInvis .     a - +1 trident (curse)
rCold  . . .     Gourm    .     g - +0 scale mail
rNeg   . . .     Faith    .     (no shield)
rPois  .         Spirit   .     i - +0 helmet
rElec  .         Dismiss  .     I - +0 cloak
rCorr  .         Reflect  .     n - +0 pair of gloves
SustAt .         Harm     .     (no boots)
MR     .....                    (no amulet)
Stlth  ..........               v - ring of protection from fire
                                (no ring)

@: corroded, not resistant to hostile enchantments, extremely unstealthy
A: change form in water, swift swim
a: Berserk, Trog's Hand, Brothers in Arms, Burn Spellbooks, Renounce Religion


You were on level 10 of the Dungeon.
You worshipped Trog.
Trog was extremely pleased with you.
You were not hungry.

You visited 1 branch of the dungeon, and saw 10 of its levels.
You also visited: Sewer.

You collected 707 gold pieces.

Inventory:

Hand Weapons
 a - a cursed +1 trident (weapon)
 y - a +0 halberd
 G - a +1 vampiric spear
 H - a +2 spear
Armour
 g - a +0 scale mail (worn)
 i - a +0 helmet (worn)
 n - a +0 pair of gloves (worn)
 I - a +0 cloak (worn)
Jewellery
 e - an uncursed ring of flight
 v - a ring of protection from fire (right hand)
Wands
 d - a wand of slowing (24/48)
 h - a wand of confusion (25/48)
 s - a wand of disintegration (11/24)
 C - a wand of iceblast (6/15)
 D - a wand of polymorph (13/24)
 E - a wand of lightning (10/15)
Scrolls
 m - 5 scrolls of teleportation
 p - 4 scrolls of recharging
 A - a scroll of magic mapping
 B - 2 scrolls of remove curse
Potions
 j - 5 potions of curing
 l - 2 potions of heal wounds
 o - 4 potions of lignification
 q - 3 potions of haste
 r - a potion of cancellation
 t - 3 potions of magic
 u - a potion of flight {unknown}
 w - 3 potions of brilliance {unknown}
 x - a potion of berserk rage {unknown}
 z - a potion of might {unknown}
Comestibles
 b - 2 beef jerkies
 c - 4 bread rations
 f - 4 fruits
 k - 4 meat rations


   Skills:
 + Level 10.8 Fighting
 + Level 13.5 Polearms
 - Level 1.3 Armour
 + Level 12.2 Dodging


You had 10 spell levels left.
You didn't know any spells.

Dungeon Overview and Level Annotations

Branches:
Dungeon (10/15)            Temple (0/1) D:6            Lair (0/8) D:9
    Orc (0/2) D:10

Altars:
Cheibriados
Elyvilon
Fedhas
Kikubaaqudgha
Okawaru
Pakellas
Qazlal
Ru
Sif Muna
Vehumet
Xom
Yredelemnul
Zin
The Shining One

Shops:
D:10 %


Message History

The acid burns!
You hit the brown ugly thing but do no damage.
The brown ugly thing is almost dead.
The brown ugly thing trunk-slaps you!
* * * LOW HITPOINT WARNING * * *
You are splashed with acid!
The acid corrodes you!
The acid burns!
* * * LOW HITPOINT WARNING * * *
You puncture the brown ugly thing!
The brown ugly thing is almost dead.
You hit the brown ugly thing but do no damage.
The brown ugly thing is almost dead.
The brown ugly thing trunk-slaps you!
* * * LOW HITPOINT WARNING * * *
You are splashed with acid!
The acid burns!
* * * LOW HITPOINT WARNING * * *
Your two-headed ogre goes berserk!
You feel somewhat more hungry. The brown ugly thing trunk-slaps you!
* * * LOW HITPOINT WARNING * * *
You are splashed with acid!
The acid corrodes you!
The acid burns!
You die...

.......##..##...# #..# #..# .
...#...##..##...# #..# #..# .
...#...##..##...# #..# #..# .
...#...##..##...# #..# #..# .
...#...##..##...# #..# #..# .
...#...##..##...# #..# #..# .
...#...##..##...# #..#####..###.
...#............####.......(.....
...............O@u...............
#################################


You could see a brown ugly thing and a friendly two-headed ogre (berserk).

Vanquished Creatures
  Urug (D:10)
  Pikel (D:4)
  The ghost of MirrMurr the Covert, a novice SpEn of Ashenzari (D:5)
  Joseph (D:8)
  Grinder (D:3)
  A wyvern (D:8)
  Eustachio (D:6)
  A mottled dragon (D:8)
  Edmund (D:4)
  Duvessa (D:4)
  A slave (D:4)
  An ice beast (D:8)
  3 sky beasts
  4 orc warriors
  8 ogres
  3 centaurs
  3 big kobolds (Sewer)
  The ghost of Tagedieb the Sneak, an amateur SpEn (D:3)
  The ghost of MirrMurr the Sneak, an amateur SpEn (Sewer)
  4 giant frogs
  A gnoll sergeant (D:9)
  Dowan (D:4)
  3 scorpions
  3 killer bees (D:9)
  3 wights (D:7)
  4 crimson imps
  A giant frog zombie (D:8)
  A quasit (D:10)
  8 orc wizards
  3 giant frog skeletons
  2 orc priests (D:8)
  An iguana (D:4)
  6 worker ants
  Robin (D:4)
  9 gnolls
  12 adders
  9 river rats
  A shadow imp (D:6)
  4 oozes
  An adder zombie (D:7)
  An adder skeleton (D:6)
  7 worms
  4 dart slugs
  7 giant geckos
  24 orcs
  15 bats
  A giant cockroach (D:8)
  11 goblins
  10 hobgoblins
  13 kobolds
  3 quokkas
  4 ball pythons
  6 giant newts
  A quokka skeleton (D:7)
  21 rats
241 creatures vanquished.

Vanquished Creatures (others)
  A goblin (D:4)
  A hobgoblin (D:4)
2 creatures vanquished.

Grand Total: 243 creatures vanquished

Notes
Turn   | Place    | Note
--------------------------------------------------------------
     0 | D:1      | Kloppie the Merfolk Berserker began the quest for the Orb.
     0 | D:1      | Reached XP level 1. HP: 18/18 MP: 1/1
   150 | D:1      | Reached XP level 2. HP: 19/24 MP: 2/2
   280 | D:1      | Reached skill level 5 in Polearms
   433 | D:1      | Reached XP level 3. HP: 29/29 MP: 3/3
   713 | D:2      | Reached ** piety under Trog
  1310 | D:2      | Reached XP level 4. HP: 36/37 MP: 4/4
  1667 | D:2      | Found a shimmering altar of Xom.
  1827 | D:3      | Found a glowing drain.
  1900 | Sewer    | Entered a sewer
  1913 | Sewer    | Noticed MirrMurr's ghost (amateur SpEn)
  1922 | Sewer    | Killed MirrMurr's ghost
  1922 | Sewer    | Reached skill level 6 in Polearms
  1922 | Sewer    | Reached XP level 5. HP: 43/43 MP: 5/5
  2505 | Sewer    | Reached *** piety under Trog
  2556 | Sewer    | Noticed a big kobold
  2564 | Sewer    | Killed a big kobold
  2564 | Sewer    | Reached skill level 5 in Fighting
  2564 | Sewer    | Reached skill level 5 in Dodging
  2564 | Sewer    | Reached XP level 6. HP: 51/51 MP: 6/6
  2616 | Sewer    | Reached skill level 7 in Polearms
  2777 | Sewer    | Reached XP level 7. HP: 46/56 MP: 7/7
  3087 | D:3      | Noticed Grinder
  3115 | D:3      | Paralysed by Grinder for 3 turns
  3126 | D:3      | Paralysed by Grinder for 6 turns
  3161 | D:3      | Killed Grinder
  3161 | D:3      | Reached skill level 8 in Polearms
  3356 | D:3      | Noticed Tagedieb's ghost (amateur SpEn)
  3367 | D:3      | Killed Tagedieb's ghost
  3695 | D:4      | Noticed Dowan
  3696 | D:4      | Noticed Duvessa
  3722 | D:3      | HP: 4/88 [ogre/giant club (18)]
  3723 | D:3      | Reached XP level 8. HP: 5/65 MP: 8/8
  4029 | D:4      | Killed Duvessa
  4029 | D:4      | Reached skill level 9 in Polearms
  4043 | D:4      | Killed Dowan
  4104 | D:4      | Found a stormy altar of Qazlal.
  4171 | D:4      | Found a radiant altar of Vehumet.
  4177 | D:4      | Noticed Pikel
  4213 | D:4      | Killed Pikel
  4213 | D:4      | Reached skill level 10 in Polearms
  4348 | D:4      | Noticed Edmund
  4379 | D:4      | Killed Edmund
  4379 | D:4      | Reached XP level 9. HP: 60/74 MP: 9/9
  4661 | D:4      | Noticed Robin
  4678 | D:4      | Killed Robin
  4682 | D:4      | Reached **** piety under Trog
  5298 | D:5      | Entered Level 5 of the Dungeon
  5406 | D:5      | Noticed MirrMurr's ghost (novice SpEn)
  5541 | D:5      | Killed MirrMurr's ghost
  5708 | D:5      | Found a blossoming altar of Fedhas.
  5886 | D:5      | Found a glowing silver altar of Zin.
  5886 | D:5      | Found a white marble altar of Elyvilon.
  5894 | D:5      | Found a glowing golden altar of the Shining One.
  6085 | D:6      | Reached skill level 11 in Polearms
  6158 | D:6      | Noticed Eustachio
  6160 | D:6      | Found a staircase to the Ecumenical Temple.
  6200 | D:6      | Killed Eustachio
  6669 | D:6      | Found a basalt altar of Yredelemnul.
  6669 | D:6      | Found an ancient bone altar of Kikubaaqudgha.
  6670 | D:6      | Found an oddly glowing altar of Pakellas.
  6812 | D:6      | Found an iron altar of Okawaru.
  6912 | D:7      | Reached skill level 10 in Dodging
  7712 | D:7      | Noticed a red ugly thing
  7796 | D:8      | Reached XP level 10. HP: 24/83 MP: 10/10
  8078 | D:8      | Reached skill level 12 in Polearms
  8200 | D:8      | Found a deep blue altar of Sif Muna.
  8370 | D:8      | Found a snail-covered altar of Cheibriados.
  9287 | D:8      | Noticed Joseph
  9323 | D:8      | Killed Joseph
  9323 | D:8      | Reached skill level 10 in Fighting
  9766 | D:9      | Found a sacrificial altar of Ru.
 10000 | D:9      | Reached ***** piety under Trog
 10077 | D:9      | Found a staircase to the Lair.
 10091 | D:9      | Reached skill level 13 in Polearms
 10407 | D:10     | Entered Level 10 of the Dungeon
 10803 | D:10     | Found Mob Enaynt's Food Emporium.
 10828 | D:10     | Noticed Urug
 10842 | D:10     | Killed Urug
 10945 | D:10     | Reached XP level 11. HP: 92/92 MP: 11/11
 11044 | D:10     | Found a staircase to the Orcish Mines.
 11047 | D:10     | Noticed a brown ugly thing
 11084 | D:10     | HP: 2/92 [brown ugly thing (7)]
 11084 | D:10     | Splashed by a brown ugly thing's acid

Skill      XL: |  1  2  3  4  5  6  7  8  9 10 |
---------------+-------------------------------+-----
Dodging        | 3 4 5 7 8 10 12 | 12.2
Polearms       | 5 6 7 8 10 11 13 | 13.5
Fighting       | 4 5 6 7 9 10 | 10.8
Armour         | |  1.3

Action                   |  1- 3 |  4- 6 |  7- 9 | 10-12 || total
-------------------------+-------+-------+-------+-------++-------
Melee: Spear             |   130 |   244 |   714 |   229 ||  1317
       Tailslap          |       |    28 |     1 |       ||    29
       Trident           |       |       |       |   222 ||   222
Invok: Berserk           |       |     4 |     7 |     3 ||    14
       Trog's Hand       |       |     1 |     6 |     1 ||     8
       Brothers in Arms  |       |       |       |     1 ||     1
  Use: Scroll            |       |       |    16 |     5 ||    21
 Stab: Sleeping          |       |       |     1 |       ||     1
  Eat: Chunk             |     1 |     8 |    15 |    15 ||    39
       Bread ration      |       |       |     1 |       ||     1
       Pizza             |       |       |     1 |       ||     1
       Royal jelly       |       |       |     2 |       ||     2
Armor: Ring mail         |    14 |       |       |       ||    14
       Chain mail        |     5 |       |       |       ||     5
       Scale mail        |     3 |    55 |    87 |    40 ||   185
Dodge: Dodged            |    44 |   101 |   238 |   223 ||   606
